 Dungeon Crawl Stone Soup version 0.20-a0-466-gc52d0eb (webtiles) character file.

124 AlphabetPasta the Ducker (level 4, -2/23 HPs)
             Began as a Spriggan Fighter on Jan 13, 2017.
             Killed by divine providence
             ... invoked by an orc priest
              (13 damage)
             ... on level 3 of the Dungeon.
             The game lasted 00:09:58 (2395 turns).

AlphabetPasta the Ducker (Spriggan Fighter)         Turns: 2395, Time: 00:09:59

Health: -2/23      AC:  2    Str: 12    XL:     4   Next: 81%
Magic:  5/5        EV: 20    Int:  9    God:
Gold:   111        SH:  6    Dex: 16    Spells: 3/3 levels left

rFire  . . .     SeeInvis +     a - +0 rapier
rCold  . . .     Gourm    .     b - +0 robe
rNeg   . . .     Faith    .     c - +0 buckler
rPois  .         Spirit   .     (helmet restricted)
rElec  .         Reflect  .     (no cloak)
rCorr  .         Harm     .     (gloves unavailable)
MR     .....                    (boots unavailable)
Stlth  +++.......               (no amulet)
                                (no ring)
                                (no ring)

@: very quick
A: unfitting armour, see invisible, herbivore 3, speed 3, slow metabolism 2
a: no special abilities


You were on level 3 of the Dungeon.
You were not hungry.

You visited 1 branch of the dungeon, and saw 3 of its levels.

You collected 111 gold pieces.

Inventory:

Hand Weapons
 a - a +0 rapier (weapon)
 e - a +0 hunting sling
Missiles
 i - 43 stones (quivered)
Armour
 b - a +0 robe (worn)
 c - a +0 buckler (worn)
Jewellery
 g - an uncursed ring of wizardry {unknown}
Potions
 d - a potion of invisibility
 h - a potion of haste
Comestibles
 f - a bread ration
 k - 2 fruits


   Skills:
 + Level 2.5 Fighting
 * Level 3.3 Short Blades
 + Level 0.5 Slings
 + Level 5.3 Dodging
 + Level 3.5 Stealth
 + Level 2.6 Shields


You had 3 spell levels left.
You didn't know any spells.

Dungeon Overview and Level Annotations

Branches:
Dungeon (3/15)

Altars:

Annotations:
D:3 Devintownsend's ghost, amateur GrFE


Innate Abilities, Weirdness & Mutations

You are very small and have problems with some larger weapons.
You are too small for most types of armour.
You have supernaturally acute eyesight. (SInv)
You are a herbivore.
You cover ground extremely quickly.
You need consume almost no food.


Message History

An orc comes into view. It is wielding a dagger.
You completely miss the orc priest.
The orc priest is moderately wounded.
You hit the orc but do no damage. The orc priest completely misses you.
You block the orc's attack.
An orc priest comes into view. It is wielding a mace.
You hit the orc priest.
The orc priest is moderately wounded.
You block the orc priest's attack. The orc barely misses you.
The orc sings a few bars from the Orcish anthem.
The orc misses you.
The orc priest miscasts a cantrip.
You block the orc's attack.
An orc comes into view. It is wielding a short sword.
The orc priest calls upon Beogh to heal the orc priest.
The orc priest's wounds heal themselves!
The orc priest calls down the wrath of Beogh upon you.
Beogh smites you!
Ouch! That really hurt!
You die...

#†#.......# #.#######<#
#######......##.########
#......#####.#.........#
..
#.####.#...#.#####.....#
... #.####.#.#.#.###
#.....###...
#..).)...#.#...#
#..........
######.#..%.<#.###..o....#
#......#.....#..@...o....#
.....###.###.#####..ooo..#
.....# #.# ### #.......#
.....# #.# #.....#.#
..#### #.# #.....# # ###
###<## #.....# #....#
####### #....# #....#


You could see 2 orc priests and 3 orcs.

Vanquished Creatures
  4 adders
  A worm (D:2)
  2 dart slugs (D:2)
  3 leopard geckos
  An orc (D:3)
  4 bats (D:1)
  3 giant cockroaches (D:1)
  7 goblins
  10 hobgoblins
  17 jackals (D:1)
  5 frilled lizards
  9 kobolds
  3 rats
69 creatures vanquished.

Notes
Turn   | Place    | Note
-------+----------+-------------------------------------------
     0 | D:1      | AlphabetPasta the Spriggan Fighter began the quest for the Orb.
     0 | D:1      | Reached XP level 1. HP: 11/11 MP: 2/2
    63 | D:1      | Reached skill level 1 in Stealth
   453 | D:1      | Reached XP level 2. HP: 16/16 MP: 3/3
   874 | D:1      | Reached XP level 3. HP: 15/19 MP: 4/4
  1507 | D:2      | Reached skill level 5 in Dodging
  1526 | D:2      | Reached XP level 4. HP: 23/23 MP: 5/5
  2335 | D:3      | Noticed Devintownsend's ghost (amateur GrFE)
  2395 | D:3      | Killed from afar by an orc priest

Vault maps used:
D:1:      matt_arrival_los_fun
D:2:      item_on_display_a

Skill      XL: |  1  2  3 |
---------------+----------+-----
Stealth        | 1 2 3 |  3.5
Short Blades   | 3 |  3.3
Dodging        | 5 |  5.3
Fighting       | |  2.5
Slings         | |  0.5
Shields        | |  2.6

Action                   |  1- 3 |  4- 6 || total
-------------------------+-------+-------++-------
Melee: Rapier            |   173 |    85 ||   258
  Use: Scroll            |     5 |     1 ||     6
       Potion            |     1 |     2 ||     3
 Stab: Sleeping          |     2 |     4 ||     6
       Distracted        |     1 |       ||     1
Armor: Robe              |     6 |     1 ||     7
Dodge: Dodged            |   109 |    43 ||   152
Block: Buckler           |    50 |    16 ||    66
